 Dungeon Crawl Stone Soup version 0.22-a0-799-g88f5e907b7 (webtiles) character file.

293 Htamos the Digger (level 6, 0/61 HPs)
             Began as a Troll Earth Elementalist on July 21, 2018.
             Killed by divine providence
             ... invoked by an orc priest
              (14 damage)
             ... on level 3 of the Dungeon.
             The game lasted 00:04:26 (2654 turns).

Htamos the Digger (Troll Earth Elementalist)        Turns: 2654, Time: 00:04:27

Health: 0/61       AC:  5    Str: 17    XL:     6   Next: 11%
Magic:  6/6        EV:  7    Int: 11    God:
Gold:   220        SH:  6    Dex: 12    Spells: 6/7 levels left

rFire    . . .     SeeInvis .   i - +0 dagger (venom)
rCold    . . .     Gourm    +   h - +0 shield
rNeg     . . .     Faith    .   c - +0 robe
rPois    .         Spirit   .   (helmet restricted)
rElec    .         Reflect  .   (no cloak)
rCorr    .         Harm     .   (gloves unavailable)
MR       .....                  (boots unavailable)
Stlth    ++........             (no amulet)
HPRegen  0.60/turn              (no ring)
MPRegen  0.10/turn              (no ring)

@: no status effects
A: large, unfitting armour, claws 3, fast metabolism 3, gourmand, regeneration
1, shaggy fur 1, tough skin 2
a: no special abilities


You were on level 3 of the Dungeon.
You were very full.

You visited 1 branch of the dungeon, and saw 3 of its levels.

You collected 220 gold pieces.

Inventory:

Hand Weapons
 i - a +0 dagger of venom (weapon)
 r - a +1 hand axe of flaming
Missiles
 b - 95 stones (quivered)
Armour
 c - a +0 robe (worn)
 h - a +0 shield (worn)
Scrolls
 a - 2 scrolls of enchant armour {unknown}
 e - a scroll of magic mapping {unknown}
 f - 2 scrolls of teleportation {unknown}
 j - 5 scrolls of remove curse {unknown}
 k - a scroll of random uselessness {unknown}
 l - 3 scrolls of enchant weapon {unknown}
 m - 6 scrolls of identify {unknown}
 p - a scroll of fog {unknown}
Potions
 o - 2 potions of flight {unknown}
 q - a potion of haste {unknown}
Comestibles
 d - 11 rations
 n - 14 chunks of flesh


   Skills:
 * Level 3.1 Fighting
 + Level 2.6 Dodging
 - Level 1.0 Stealth
 - Level 1.2 Spellcasting
   Level 0.6 Transmutations
 * Level 4.4 Earth Magic


You had 6 spell levels left.
You knew the following spells:

 Your Spells              Type           Power        Failure   Level  Hunger
a - Sandblast             Erth           ##....       36%         1    ##.....

Your spell library contained the following spells:

 Spells                   Type           Power        Failure   Level  Hunger
 Stone Arrow              Conj/Erth      #.....       95%         3    ####...
 Passwall                 Tmut/Erth      #.......     77%         2    ###....
 Lee's Rapid Deconstruct  Erth           ##........   100%        5    ######.
 Petrify                  Tmut/Erth      #.......     100%        4    #####..


Dungeon Overview and Level Annotations

Branches:
Dungeon (3/15)

Altars:
Gozag
Wu Jian


Innate Abilities, Weirdness & Mutations

You are too large for most types of armour.
You have claws for hands.
Your metabolism is lightning-fast.
You like to eat raw meat.
Your natural rate of healing is unusually fast.
You are covered in fur. (AC +1)
You have very tough skin. (AC +2)


Message History

You hit the orc priest.
The orc priest looks as sick as possible!
The orc priest is severely wounded.
The orc priest hits you but does no damage.
You kill the orc priest!
You have reached level 6!
Your experience leads to an increase in your attributes!
Increase (S)trength, (I)ntelligence, or (D)exterity?
You feel agile.
You feel stronger. The bat hits you but does no damage.
The bat hits you but does no damage. The bat hits you.
* * * LOW HITPOINT WARNING * * *
The bat hits you but does no damage. The bat hits you but does no damage.
The bat closely misses you. The bat hits you but does no damage.
The bat hits you but does no damage.
The orc priest invokes the aid of Beogh against you.
Beogh smites you!
You die...

.. ... #.# #.#
### ..>. ... ..#
#.#.# #.# #.#
......o. #.#
#.#.#.#o## #@#
.......).# #b#
#.#.#.#o####.#
..........##.###
#.#.#.#.#o.o...#
..###.#####.#
##. #..####..#
########.......#
...#.....####..#


You could see an orc priest and a bat.

Vanquished Creatures
  2 orc priests (D:3)
  8 gnolls
  7 adders
  An ooze (D:1)
  A worm (D:3)
  2 dart slugs (D:1)
  2 leopard geckos (D:2)
  4 orcs (D:3)
  9 bats
  4 giant cockroaches
  11 goblins
  7 hobgoblins
  5 jackals
  4 frilled lizards
  7 kobolds
  6 rats
80 creatures vanquished.

Notes
Turn   | Place    | Note
-------+----------+-------------------------------------------
     0 | D:1      | Htamos the Troll Earth Elementalist began the quest for the Orb.
     0 | D:1      | Reached XP level 1. HP: 16/16 MP: 1/1
   175 | D:1      | Reached XP level 2. HP: 26/26 MP: 2/2
   182 | D:1      | Reached skill level 3 in Earth Magic
   233 | D:1      | Reached skill level 1 in Fighting
   459 | D:1      | Reached XP level 3. HP: 20/33 MP: 3/3
  1333 | D:1      | Reached XP level 4. HP: 9/42 MP: 4/4
  1790 | D:2      | Found an ornate altar of the Wu Jian Council.
  1879 | D:2      | Reached XP level 5. HP: 47/49 MP: 5/5
  2081 | D:2      | Reached skill level 4 in Earth Magic
  2612 | D:3      | Found an opulent altar of Gozag.
  2645 | D:3      | HP: 2/53 [orc priest/divine providence (17)]
  2648 | D:3      | Reached XP level 6. HP: 11/61 MP: 6/6
  2654 | D:3      | Killed from afar by an orc priest

Vault maps used:
D:1:      eino_arrival_water_cross, st_stairs_10
D:2:      lemuel_round_altar
D:3:      wad_crossroads, nicolae_overflow_crystal_walls, minmay_misc_feat_tiny,
          st_stairs_11

Skill      XL: |  1  2  3  4  5 |
---------------+----------------+-----
Earth Magic    | 3 4 |  4.4
Fighting       | 1 2 3 |  3.1
Dodging        | 2 |  2.6
Stealth        | |  1.0
Spellcasting   | |  1.2
Transmutations | |  0.6

Action                   |  1- 3 |  4- 6 || total
-------------------------+-------+-------++-------
Melee: Unarmed           |    67 |       ||    67
       Dagger            |    56 |   192 ||   248
 Cast: Sandblast         |       |     1 ||     1
  Use: Potion            |       |     1 ||     1
 Stab: Sleeping          |     1 |     1 ||     2
  Eat: Chunk             |    16 |    14 ||    30
Armor: Robe              |    67 |    82 ||   149
Dodge: Dodged            |    62 |    69 ||   131
Block: Shield            |    46 |    80 ||   126

Table legend:
 A = Spawn XP
 B = Non-spawn XP
 C = Spawn XP percentage of total XP
 D = Spawn monster count
 E = Non-spawn monster count
 F = Spawn count percentage of total count
 G = Total turns spent on level
                    A         B        C        D         E        F      G
               +---------+---------+-------+---------+---------+-------+---------
         Total |       0 |     419 |   0.0 |       0 |      80 |   0.0 |  2654
               +---------+---------+-------+---------+---------+-------+---------
           D:1 |       0 |      93 |   0.0 |       0 |      26 |   0.0 |  1316
           D:2 |       0 |     129 |   0.0 |       0 |      26 |   0.0 |   796
           D:3 |       0 |     197 |   0.0 |       0 |      28 |   0.0 |   542
               +---------+---------+-------+---------+---------+-------+---------
